Map: Acid Plant LE

Players

HateMe - Winner!

  • Race: Zerg Zerg
  • Spawn Location: 11:00

Light

  • Race: Protoss Protoss
  • Spawn Location: 5:00

Event: WCS Valencia 2018

VOD

Have the link to the VOD?

Description

Time

  • Played on: July 12, 2018, 10:22 a.m.
  • Length: 12:21

All games in this series

Show
View Real Time Build Order
Export as new Build Order

HateMe Zerg - Winner!

Build Orders: Hatch First 

Get SALT Encoding   

  12  0:02  Drone  
  13  0:12  Overlord  
  13  0:17  Drone  
  14  0:31  Drone x2  
  16  0:36  Drone  
  17  0:51  Hatchery  
  17  0:54  Drone  
  17  0:58  Drone  
  17  1:01  Extractor  
  17  1:13  Spawning Pool  
  17  1:16  Drone  
  17  1:20  Drone  
  18  1:28  Drone  
  19  1:39  Overlord  
  19  1:49  Drone  
  20  2:01  Queen  
  20  2:02  Zergling x2  
  20  2:03  Queen  
  20  2:07  Zergling x2  
  26  2:11  Drone  
  26  2:15  Drone  
  28  2:22  Drone  
  29  2:25  Zergling x2  
  30  2:36  Hatchery  
  29  2:43  Queen  
  31  2:48  Overlord  
  31  2:50  Drone  
  32  2:54  Drone  
  32  2:56  Drone  
  34  2:59  Drone  
  34  3:01  Drone  
  36  3:10  Overlord  
  36  3:11  Drone  
  36  3:12  Drone  
  38  3:14  Drone  
  38  3:15  Drone  
  40  3:20  Lair  
  40  3:22  Drone x2  
  42  3:33  Overlord, Drone  
  43  3:34  Queen  
  43  3:40  Roach Warren  
  44  3:43  Drone x2  
  44  3:45  Drone  
  44  3:46  Drone  
  48  3:52  Overlord  
  48  3:53  Drone  
  48  3:54  Drone  
  50  3:57  Drone  
  50  4:00  Queen  
  53  4:07  Extractor  
  53  4:08  Spore Crawler  
  51  4:12  Spore Crawler x2  
  51  4:13  Extractor  
  48  4:18  Overlord  
  48  4:20  Glial Reconstitution  
  48  4:21  Roach  
  48  4:23  Roach  
  52  4:26  Roach  
  56  4:31  Roach x2  
  56  4:37  Roach x2  
  62  4:51  Roach x4  
  70  4:55  Overseer  
  70  5:02  Drone x4  
  70  5:04  Overlord  
  74  5:23  Overlord  
  73  5:31  Drone x3  
  73  5:32  Drone x8  
  73  5:35  Drone  
  82  5:38  Drone  
  81  5:45  Drone x6  
  81  5:47  Drone  
  88  5:51  Drone  
  88  5:59  Spire  
  88  6:00  Drone  
  88  6:01  Drone  
  88  6:02  Drone  
  88  6:03  Extractor  
  88  6:04  Overlord  
  88  6:05  Overlord  
  88  6:07  Drone  
  89  6:22  Overlord x2  
  89  6:26  Drone x5  
  89  6:27  Extractor x2, Drone x5  
  89  6:28  Drone  
  89  6:31  Overlord  
  98  6:42  Overlord x3  
  98  6:55  Overlord x2  
  98  7:09  Drone  
  98  7:10  Mutalisk x7  
  98  7:13  Mutalisk  
  115  7:21  Mutalisk x3  
  121  7:23  Mutalisk  
  123  7:30  Hatchery  
  120  7:45  Roach x12  
  144  7:52  Roach  
  144  7:53  Roach x4  
  144  7:58  Overlord x2  
  154  8:00  Roach x2  
  154  8:01  Roach  
  160  8:07  Overlord x2  
  160  8:11  Roach  
  162  8:19  Roach  
  166  8:20  Roach x6  
  166  8:23  Ravager x2  
  166  8:24  Ravager  
  173  8:35  Ravager x3  
  173  8:37  Drone  
  173  8:40  Evolution Chamber  
  173  8:41  Ravager  
  177  8:42  Roach x2  
  161  9:05  Roach x15  
  174  9:15  Roach x6  
  159  9:24  Roach x3  
  159  9:31  Roach x4  
  169  9:32  Ravager  
  172  9:38  Roach x2  
  172  9:39  Roach  
  172  9:41  Overseer  
  162  9:49  Roach  
  162  9:50  Roach x3  
  143  9:59  Roach x3  
  139  10:02  Roach x2  
  133  10:08  Zerg Missile Weapons Level 1  
  133  10:09  Overseer  
  133  10:10  Roach x3  
  139  10:15  Roach  
  139  10:16  Roach x5  
  151  10:26  Roach x3  
  159  10:28  Roach  
  159  10:36  Roach x3  
  159  10:40  Roach x4  
  173  10:42  Roach  
  173  10:43  Roach x6  
  181  10:50  Roach  
  181  10:51  Roach x2  
  181  10:54  Extractor  
  181  10:55  Extractor  
  185  11:04  Ravager  
  185  11:05  Ravager x3  
  185  11:08  Hatchery  
  186  11:24  Roach x6  
  172  11:43  Roach x15  
  190  11:55  Roach x4  
Show
View Real Time Build Order
Export as new Build Order

Light Protoss 

Build Orders: 1 Gate Expand, Oracle Opening, Phoenix Opening, Archon Immortal, Zealot Archon 

Get SALT Encoding   

  12  0:00  Probe  
  13  0:12  Probe  
  14  0:20  Pylon  
  14  0:24  Probe  
  15  0:34  Probe  
  15  0:42  Probe  
  16  0:45  Gateway  
  16  0:49  Assimilator  
  17  0:52  Probe  
  18  1:04  Probe  
  19  1:16  Probe  
  20  1:27  Nexus  
  20  1:31  Probe  
  21  1:42  Cybernetics Core  
  21  1:45  Probe  
  22  1:52  Pylon  
  22  1:57  Assimilator  
  22  2:01  Probe  
  23  2:11  Adept  
  23  2:13  Probe  
  24  2:18  Stargate  
  26  2:26  Probe  
  26  2:29  Warp Gate  
  27  2:37  Adept  
  27  2:38  Probe  
  27  2:40  Probe  
  31  2:46  Probe  
  31  2:48  Probe  
  32  2:54  Probe  
  34  3:02  Robotics Facility  
  34  3:10  Probe  
  34  3:12  Probe  
  36  3:14  Phoenix  
  38  3:22  Pylon  
  38  3:25  Adept, Probe  
  40  3:29  Probe  
  42  3:36  Probe  
  43  3:41  Probe  
  43  3:44  Oracle  
  47  3:48  Probe  
  47  3:50  Observer  
  47  3:53  Probe, Pylon  
  49  4:00  Probe, Assimilator  
  49  4:01  Assimilator  
  51  4:06  Probe  
  51  4:08  Warp Prism  
  52  4:12  Probe  
  52  4:13  Pylon  
  55  4:18  Probe  
  55  4:21  Gateway  
  55  4:23  Gateway  
  56  4:25  Probe  
  56  4:30  Probe  
  58  4:37  Probe  
  59  4:42  Probe  
  60  4:48  Immortal  
  60  4:49  Probe  
  60  4:50  Nexus  
  65  5:01  Pylon  
  65  5:05  Probe  
  66  5:07  Pylon  
  66  5:11  Probe  
  67  5:15  Pylon  
  67  5:17  Probe  
  68  5:21  Adept x2  
  72  5:32  Immortal  
  68  5:37  Probe x2  
  70  5:42  Sentry x2  
  70  5:44  Robotics Facility  
  70  5:45  Sentry  
  70  5:49  Probe x2  
  78  5:55  Gateway  
  78  5:57  Gateway  
  78  6:01  Probe x2  
  80  6:08  Twilight Council  
  80  6:09  Forge  
  80  6:11  Probe  
  81  6:13  Probe  
  82  6:20  Immortal  
  82  6:21  Probe  
  82  6:22  Probe  
  88  6:27  Gateway, Probe  
  88  6:29  Probe  
  88  6:30  Probe  
  88  6:31  Gateway  
  89  6:33  Protoss Ground Weapons Level 1  
  89  6:35  Observer, Charge  
  89  6:36  Probe  
  93  6:42  Probe x2  
  93  6:44  Templar Archives  
  95  6:49  Assimilator  
  95  6:51  Assimilator  
  95  6:52  Pylon  
  95  6:57  Adept x2  
  95  6:58  Probe  
  100  7:03  Probe x2  
  100  7:08  Immortal  
  106  7:14  Photon Cannon  
  106  7:16  Shield Battery  
  106  7:18  Photon Cannon  
  106  7:20  Shield Battery  
  110  7:35  High Templar x3  
  110  7:36  Probe  
  117  7:42  Pylon  
  117  7:44  Pylon  
  117  7:45  Pylon  
  117  7:47  Archon  
  117  7:48  Photon Cannon  
  117  7:49  Probe  
  116  7:51  Photon Cannon  
  116  7:52  Stalker x3  
  116  7:53  Shield Battery  
  116  8:05  Stalker  
  118  8:08  Stalker x2  
  118  8:09  Stalker  
  119  8:27  High Templar x3  
  121  8:34  Probe x2  
  121  8:39  High Templar x3  
  129  8:46  Immortal  
  129  8:48  Nexus  
  133  8:49  Pylon  
  129  8:59  Zealot x4  
  128  9:03  Archon  
  128  9:04  Archon x2  
  116  9:12  Zealot x3  
  105  9:24  Probe  
  105  9:25  Probe x2  
  105  9:29  Stalker x3  
  112  9:32  Probe  
  112  9:33  Probe x2  
  114  9:43  Zealot x2  
  114  9:44  Zealot x2  
  100  9:52  Zealot  
  100  9:53  Zealot  
  94  10:03  Zealot x2, Probe x3  
  94  10:04  Zealot x2  
  90  10:11  Probe x3  
  90  10:14  Fleet Beacon  
  90  10:17  High Templar x3  
  90  10:20  Probe  
  90  10:21  Probe  
  101  10:29  Probe x2  
  101  10:33  High Templar, Probe x2  
  101  10:34  Zealot x3  
  113  10:44  Probe  
  113  10:45  Probe  
  113  10:46  Probe  
  111  10:56  Stargate  
  112  11:00  Stargate  
  112  11:01  Zealot x3  
  112  11:02  Zealot x3  
  124  11:09  Zealot  
  126  11:11  Archon  
  126  11:12  Archon  
  122  11:22  Sentry x2  
  122  11:23  Sentry x2  
  128  11:26  Zealot  
  128  11:27  Zealot  
  130  11:33  Void Ray  
  130  11:34  Void Ray  
  122  11:47  Zealot x3  
  114  12:08  Zealot x2  
Tags
 
Add a new tag
Caveats
  • Supply blocks, unpowered buildings, or Contaminate may cause inaccurate times.
  • Supply counts are checked every 10 seconds.